 Dungeon Crawl Stone Soup version 0.27-a0-522-g46bbb28828 (webtiles) character file.

Game seed: 6168307542867461621

8496 lessens the Cleaver (level 11, 0/87 HPs)
             Began as a Palentonga Delver on Mar 5, 2021.
             Was an Elder of Trog.
             Slain by an orc warrior
             ... wielding a +2 hand axe of flaming
              (3 damage)
             ... on level 11 of the Dungeon.
             The game lasted 00:21:50 (15103 turns).

lessens the Cleaver (Palentonga Delver)            Turns: 15103, Time: 00:21:51

Health: 0/87       AC: 21    Str: 18    XL:     11   Next: 10%
Magic:  11/11      EV: 22    Int:  9    God:    Trog [****..]
Gold:   570        SH:  0    Dex: 12    Spells: 10/10 levels left

rFire    . . .     SeeInvis +   F - +0 war axe
rCold    + . .     Faith    .   (no shield)
rNeg     + . .     Spirit   .   x - +3 chain mail {rN+}
rPois    .         Reflect  .   v - +0 helmet
rElec    .         Harm     .   w - +0 cloak
rCorr    .         Rampage  .   (no gloves)
Will     .....                  (no barding)
Stlth    ..........             l - amulet of the acrobat
HPRegen  0.24/turn              k - ring of Ynli {+Fly rC+}
MPRegen  0.12/turn              (no ring)

@: berserk cooldown, acrobatic, slowed, curled up, very slow
A: large, rugged brown scales 3, see invisible, deformed body, dopey 1,
MP-powered wands, roll 1, armoured tail, reflexive curl
a: Rolling Charge, Renounce Religion, Evoke Flight, Berserk, Trog's Hand,
Brothers in Arms


You were on level 11 of the Dungeon.
You worshipped Trog.
Trog was greatly pleased with you.
You visited 2 branches of the dungeon, and saw 12 of its levels.

You collected 570 gold pieces.

Inventory:

Hand Weapons
 a - a +0 hand axe
 C - a +2 flail of draining
 F - a +0 war axe (weapon)
Missiles
 b - 11 javelins
 f - 12 boomerangs
 h - 364 stones
 m - 77 poisoned darts
 r - 12 datura-tipped darts
 y - a throwing net
 K - a curare-tipped dart
Armour
 t - a +1 leather armour of fire resistance
 v - a +0 helmet (worn)
 w - a +0 cloak (worn)
 x - a +3 chain mail of positive energy (worn)
 G - a +0 pair of gloves
Jewellery
 k - the ring of Ynli (left hand) {+Fly rC+}
   (You found it on level 8 of the Dungeon)

   [ring of flight]

   It protects you from cold.
   It lets you fly.
 l - an amulet of the acrobat (around neck)
Wands
 g - a wand of digging (3)
 E - a wand of paralysis (8)
 J - a wand of acid (6) (quivered)
Scrolls
 c - 2 scrolls of fog
 d - 2 scrolls of magic mapping
 e - a scroll of fear
 i - 7 scrolls of teleportation
 n - a scroll of blinking {unknown}
 o - 4 scrolls of amnesia {unknown}
 A - a scroll of acquirement {unknown}
 B - 2 scrolls of enchant armour {unknown}
 H - 2 scrolls of enchant weapon {unknown}
 I - 3 scrolls of identify
Potions
 j - a potion of attraction
 p - 2 potions of curing
 q - a potion of invisibility
 s - 2 potions of haste
 u - a potion of heal wounds
 z - 2 potions of brilliance
 D - a potion of mutation


   Skills:
 - Level 3.0 Fighting
 * Level 14.6 Axes
 - Level 4.9 Armour
 + Level 4.8 Dodging
 - Level 3.3 Stealth


You had 10 spell levels left.
You didn't know any spells.
Your spell library was empty.

Dungeon Overview and Level Annotations

Branches:
Dungeon (11/15)            Temple (1/1) D:4             Orc (0/2) D:11
   Lair: D:8-11

Altars:
Ashenzari
Cheibriados
Dithmenos
Elyvilon
Fedhas
Gozag
Hepliaklqana
Kikubaaqudgha
Makhleb
Nemelex Xobeh
Okawaru
Qazlal
Ru
Sif Muna
Trog
Uskayaw
Vehumet
Wu Jian
Xom
Yredelemnul
Zin
The Shining One

Shops:
D:7 :   D:9 =   D:10 :

Annotations:
D:5 3 runed translucent doors, Zonian's ghost, novice SpCj; krigyl's ghost, novice GrHu; sraybest's ghost, amateur TrMo; zarzak's ghost, novice DgFi


Innate Abilities, Weirdness & Mutations

You are completely covered in rugged brown scales. (AC +3, +7% HP)
You have supernaturally acute eyesight. (SInv)
Armour fits poorly on your strangely shaped body.
You can roll at nearby foes to attack.
You have a long armoured tail.
You curl defensively after being hit.
You are dopey. (Int -2)
You expend magic power (3 MP) to strengthen your wands.


Message History

The yak closely misses you.
A jelly comes into view.
You hear a shout!
Things that are here:
a +0 whip; a +0 chain mail; an orc corpse You slash the yak!
The yak is lightly wounded.
You slash the orc!
You kill the orc!
Trog accepts your kill.
You are no longer berserk.
You are exhausted.
You feel yourself slow down. What are your orders? t - Shout!
Orders for allies: a - Attack new target. r - Retreat! s - Stop attacking. g - Guard the area. f - Follow me.
Anything else - Cancel.
Okay, then.
As you read the scroll of teleportation, it crumbles to dust.
You feel strangely unstable. The yak gores you.
* * * LOW HITPOINT WARNING * * *
The yak gores you but does no damage.
An orc comes into view. It is wielding a +0 hand axe.
The yak barely misses you.
Your surroundings suddenly seem different.
An orc warrior comes into view.
It is wielding a +2 hand axe of flaming.
The orc warrior shouts!
A hound comes into view.
The hound barks!
A wyvern comes into view.
The wyvern hisses angrily.
A kobold brigand comes into view. It is quivering curare-tipped darts.
The kobold brigand shouts!
The hound misses you.
The orc warrior hits you with a +2 hand axe of flaming!
* * * LOW HITPOINT WARNING * * *
The orc warrior burns you.
You die... ###+# #ohl# #@8"# #KBB# #####

You could see an orc warrior, a wyvern, a kobold brigand, a hound and 2 worker ants.

Vanquished Creatures
  An ugly thing (D:11)
  Grinder (D:5)
  4 trolls
  Sigmund (D:5)
  2 wyverns (D:9)
  9 yaks
  A shadow (D:10)
  An acid dragon (D:11)
  Edmund (D:4)
  A hornet zombie (D:6)
  3 orc warriors
  2 sky beasts
  An ice beast (D:8)
  2 black bears
  2 necrophages (D:8)
  An eye of draining (D:11)
  3 ogres
  A phantom (D:10)
  4 centaurs
  A kobold brigand (D:9)
  4 bullfrogs
  5 scorpions
  9 killer bees
  5 wights (D:9)
  4 howler monkeys
  An electric eel (D:6)
  A bullfrog zombie (D:6)
  2 centaur zombies
  A quasit (D:7)
  6 jellies
  6 hounds
  2 bullfrog skeletons
  7 orc priests
  3 iguanas
  10 orc wizards
  A worker ant (D:4)
  A hound zombie (D:7)
  A hound skeleton (D:5)
  A worker ant zombie (D:5)
  17 adders
  A shadow imp (D:5)
  4 white imps
  3 ufetubi
  An adder zombie (D:5)
  7 oozes
  An adder skeleton (D:5)
  A worm (D:2)
  3 dart slugs
  2 leopard geckos
  36 orcs
  3 ball pythons
  4 giant cockroaches
  12 goblins
  11 hobgoblins
  7 jackals
  3 quokkas
  5 bats
  4 frilled lizards
  A jackal skeleton (D:6)
  A jackal zombie (D:8)
  22 kobolds
  2 leopard gecko skeletons
  A quokka skeleton (D:4)
  6 rats
270 creatures vanquished.

Vanquished Creatures (others)
  An orc wizard (D:11)
  An adder (D:6)
  13 fungi
  5 plants (D:11)
  9 toadstools (D:4)
29 creatures vanquished.

Grand Total: 299 creatures vanquished

Notes
Turn   | Place    | Note
-------+----------+-------------------------------------------
     0 | D:5      | lessens the Palentonga Delver began the quest for the Orb.
     0 | D:5      | Reached XP level 1. HP: 20/20 MP: 1/1
   243 | D:4      | HP: 1/20 [bullfrog skeleton (3)]
   551 | D:4      | Reached skill level 3 in Axes
   551 | D:4      | Reached XP level 2. HP: 9/27 MP: 2/2
   551 | D:4      | Reached XP level 3. HP: 12/33 MP: 3/3
   947 | D:3      | Noticed a sky beast
  1251 | D:3      | Reached skill level 4 in Axes
  1571 | D:1      | Reached XP level 4. HP: 38/40 MP: 4/4
  3397 | D:2      | Reached skill level 5 in Axes
  3745 | D:3      | Reached XP level 5. HP: 47/48 MP: 5/5
  4672 | D:4      | Noticed Edmund
  4695 | D:4      | Noticed an ogre
  4720 | D:4      | Killed Edmund
  4721 | D:4      | Reached skill level 6 in Axes
  4721 | D:4      | Reached XP level 6. HP: 21/54 MP: 6/6
  4903 | D:4      | Found a staircase to the Ecumenical Temple.
  4918 | Temple   | Entered the Ecumenical Temple
  4932 | Temple   | Reached skill level 7 in Axes
  5196 | Temple   | Became a worshipper of Trog the Wrathful
  5509 | D:4      | Identified the +2 pair of boots "Xugethriy" {rN++}
  5693 | D:4      | Gained mutation: You curl defensively after being hit.
                  | [Palentonga growth]
  5693 | D:4      | Reached XP level 7. HP: 59/60 MP: 7/7
  5775 | D:4      | Reached skill level 8 in Axes
  5997 | D:4      | Reached * piety under Trog
  6571 | D:5      | Noticed Grinder
  6575 | D:5      | Found a runed translucent gate.
  6575 | D:5      | Found a runed translucent gate.
  6594 | D:5      | Paralysed by Grinder for 7 turns
  6609 | D:5      | Killed Grinder
  6610 | D:5      | Reached skill level 9 in Axes
  6610 | D:5      | Reached XP level 8. HP: 60/67 MP: 8/8
  6736 | D:5      | Noticed Sigmund
  6747 | D:5      | Killed Sigmund
  6748 | D:5      | Reached skill level 10 in Axes
  7044 | D:5      | Reached skill level 1 in Armour
  7559 | D:5      | Found a runed translucent gate.
  7560 | D:5      | Noticed zarzak's ghost (novice DgFi)
  7560 | D:5      | Noticed sraybest's ghost (amateur TrMo)
  7561 | D:5      | Noticed krigyl's ghost (novice GrHu)
  7561 | D:5      | Noticed Zonian's ghost (novice SpCj)
  7738 | D:5      | Reached ** piety under Trog
  9902 | D:7      | Found Lidew's Book Shop.
 10005 | D:7      | Reached skill level 11 in Axes
 10217 | D:7      | Reached XP level 9. HP: 68/73 MP: 9/9
 10330 | D:7      | You fall into a shaft and drop 3 floors!
 10330 | D:10     | Entered Level 10 of the Dungeon
 10338 | D:10     | Noticed a troll
 10345 | D:10     | Killed a troll
 10757 | D:9      | Reached skill level 12 in Axes
 10776 | D:9      | Gained mutation: You are dopey. (Int -2) [potion of
                  | mutation]
 10776 | D:9      | Gained mutation: You expend magic power (3 MP) to
                  | strengthen your wands. [potion of mutation]
 11020 | D:9      | Noticed a troll
 11032 | D:9      | Killed a troll
 11043 | D:9      | Reached XP level 10. HP: 70/82 MP: 10/10
 11353 | D:8      | Found a stormy altar of Qazlal.
 11370 | D:8      | Found a white marble altar of Elyvilon.
 11554 | D:7      | Reached *** piety under Trog
 12023 | D:8      | Reached skill level 13 in Axes
 12729 | D:8      | Identified the ring of Ynli {+Fly rC+}
 13822 | D:9      | Reached **** piety under Trog
 13999 | D:9      | Found Redeogu's Jewellery Boutique.
 14089 | D:9      | Found an ornate altar of the Wu Jian Council.
 14102 | D:9      | Found an iron altar of Okawaru.
 14202 | D:10     | Found Heginiy's Book Shoppe.
 14270 | D:10     | Found a burning altar of Makhleb.
 14277 | D:10     | Reached skill level 14 in Axes
 14895 | D:11     | Noticed a cyan ugly thing
 14974 | D:11     | Found a staircase to the Orcish Mines.
 14999 | D:11     | Reached XP level 11. HP: 64/87 MP: 8/11
 15000 | D:11     | Killed a cyan ugly thing
 15010 | D:11     | Noticed a death knight
 15103 | D:11     | HP: 3/87 [orc warrior/+2 hand axe of flaming (7)]
 15103 | D:11     | Slain by an orc warrior

Illustrated notes

Levels and vault maps discovered:
D:1:      minmay_arrival_doors, layout_basic, minmay_pentomino_x4
D:2:      layout_loops_cross, kennysheep_generic_room_4
D:3:      minmay_chambers_of_twos, layout_basic
D:4:      cheibrodos_fertilizer, layout_loops_ring,
          minmay_temple_entry_drinking_statues, uniq_edmund
D:5:      layout_loops_corners, gammafunk_ghost_cemetery, uniq_sigmund,
          uniq_grinder
D:6:      wad_river_or_something, layout_basic
D:7:      layout_loops_ring, serial_shops, nicolae_shop_behind_doors,
          chequers_serial_rivers_micro_a
D:8:      layout_basic, basic_altar, nicolae_qazlal_style_of_elements
D:9:      layout_basic, amethyst_overflow_temple_binary, serial_shops, shop
D:10:     layout_big_octagon, serial_shops, shop, david_defended_altar_orc
D:11:     kennysheep_windowed_halls, layout_long_grid,
          grunt_lair_entry_orc_guard_hut, orc_0_dummy, serial_shops, shop,
          grunt_decor_resistance, uniq_snorg
Temple:   regret_index_temple_chain_breaker

Skill      XL: |  1  2  3  4  5  6  7  8  9 10 |
---------------+-------------------------------+-----
Axes           | 3 4 5 6 7 9 11 12 14 | 14.6
Armour         | 2 4 |  4.9
Dodging        | 4 |  4.8
Fighting       | |  3.0
Stealth        | |  3.3

Action                   |  1- 3 |  4- 6 |  7- 9 | 10-12 || total
-------------------------+-------+-------+-------+-------++-------
Melee: Hand axe          |    64 |   201 |   228 |       ||   493
       Tailslap          |     9 |    22 |    44 |    45 ||   120
       Flail             |       |       |    57 |       ||    57
       War axe           |       |       |   108 |   414 ||   522
Throw: Dart              |       |    20 |    18 |     2 ||    40
Invok: Berserk           |       |       |     3 |     6 ||     9
 Abil: Rolling Charge    |       |     1 |       |       ||     1
Evoke: Wand              |       |       |       |     1 ||     1
  Use: Potion            |     1 |       |     3 |       ||     4
       Scroll            |       |     2 |     1 |     6 ||     9
 Stab: Sleeping          |     3 |     8 |       |       ||    11
       Confused          |       |       |       |     1 ||     1
Armor: Leather armour    |    22 |    72 |       |       ||    94
       Chain mail        |       |       |   210 |   246 ||   456
       Skin              |       |       |    64 |       ||    64
Dodge: Dodged            |    42 |    78 |    88 |   134 ||   342

Table legend: (Time is in decaauts)
 A = Elapsed time spent in this place.
 B = Non-inter-level travel time spent in this place.
 C = Inter-level travel time spent in this place.
 D = Time resting spent in this place.
 E = Time spent auto-exploring this place.
 F = Levels seen in this place.
 G = Mean time per level.
                   A        B        C        D        E       F      G
               +--------+--------+--------+--------+--------+-----+--------+
         Total |  15067 |  14556 |    511 |   1806 |  10452 |  12 | 1255.6 |
       Dungeon |  14778 |  14304 |    474 |   1806 |  10218 |  11 | 1343.5 |
        Temple |    288 |    251 |     37 |      0 |    234 |   1 |  288.0 |
               +--------+--------+--------+--------+--------+-----+--------+

Top non-repeatable levels by time:
     D:5: 2218 daAuts
     D:6: 1885 daAuts
     D:3: 1548 daAuts
     D:4: 1545 daAuts
     D:8: 1519 daAuts
     D:1: 1319 daAuts
     D:9: 1286 daAuts
    D:10: 1234 daAuts
     D:2: 981 daAuts
     D:7: 903 daAuts
    D:11: 336 daAuts
  Temple: 288 daAuts
